 Dungeon Crawl Stone Soup version 0.26-a0-649-gf8c6c3aab7 (webtiles) character file.

Game seed: 16971785930426409787

35 ubername the Sneak (level 3, -2/23 HPs)
             Began as a Kobold Delver on Sept 27, 2020.
             Slain by a scorpion (8 damage)
             ... on level 5 of the Dungeon.
             The game lasted 00:00:54 (77 turns).

ubername the Sneak (Kobold Delver)                    Turns: 77, Time: 00:00:54

Health: -2/23      AC:  3    Str:  9    XL:     3   Next: 55%
Magic:  3/3        EV: 15    Int: 12    God:
Gold:   22         SH:  0    Dex: 16    Spells: 2/2 levels left

rFire    . . .     SeeInvis .   a - +0 short sword
rCold    . . .     Faith    .   (shield restricted)
rNeg     . . .     Spirit   .   b - +0 leather armour
rPois    .         Reflect  .   (no helmet)
rElec    .         Harm     .   (no cloak)
rCorr    .         Rampage  .   (no gloves)
MR       .....                  (no boots)
Stlth    +++++.....             (no amulet)
HPRegen  0.07/turn              (no ring)
MPRegen  0.08/turn              (no ring)

@: no status effects
A: small, nightstalker 3
a: no special abilities


You were on level 5 of the Dungeon.
You visited 1 branch of the dungeon, and saw 1 of its levels.

You collected 22 gold pieces.

Inventory:

Hand Weapons
 a - a +0 short sword (weapon)
Missiles
 h - 9 stones (quivered)
Armour
 b - a +0 leather armour (worn)
Wands
 g - a wand of digging (3)
Scrolls
 c - a scroll of fog
 d - a scroll of magic mapping
Potions
 f - a potion of haste


   Skills:
 + Level 3.5 Fighting
 + Level 3.0 Short Blades
 + Level 2.5 Dodging
 + Level 7.6 Stealth


You had 2 spell levels left.
You didn't know any spells.
Your spell library contained the following spells:

 Spells                   Type           Power        Failure   Level
 Confusing Touch          Hex            #.......     80%         3
 Gell's Gravitas          Tloc           #.........   80%         3
 Petrify                  Tmut/Erth      #.......     99%         4
 Metabolic Englaciation   Hex/Ice        #.........   100%        5
 Yara's Violent Unravell  Hex/Tmut       #.........   100%        5


Dungeon Overview and Level Annotations

Branches:
Dungeon (5/15)
 Temple: D:4-7

Altars:


Innate Abilities, Weirdness & Mutations

You are small and have problems with some larger weapons.
You are completely attuned to the shadows.


Message History

The scorpion is moderately wounded.
The scorpion misses you.
You hit the scorpion but do no damage.
The scorpion is moderately wounded.
The scorpion stings you!
You hit the scorpion but do no damage.
The scorpion is moderately wounded.
The scorpion stings you.
You don't know any spells.
Sorry, you're not good enough to have a special ability.
Evoke which item? (* to show all) (? for menu, Esc to quit)
Okay, then.
You barely miss the scorpion.
The scorpion is moderately wounded.
The scorpion stings you.
* * * LOW HITPOINT WARNING * * *
You hit the scorpion.
The scorpion is heavily wounded.
The scorpion stings you!
You die...

.. #.##.....
####.......#
##.##.##....##
###.....@......#
.###...##.##s..#..#
....>..##..##.##...
..................#...
.###............###..#
#.....#.......#....
.......<..#........
...#.....###....#### #
......##.....#.#.#


You could see a scorpion.

Vanquished Creatures
  A howler monkey (D:5)
  A quokka (D:5)
2 creatures vanquished.

Notes
Turn   | Place    | Note
-------+----------+-------------------------------------------
     0 | D:5      | ubername the Kobold Delver began the quest for the Orb.
     0 | D:5      | Reached XP level 1. HP: 14/14 MP: 1/1
    12 | D:5      | Noticed a howler monkey
    18 | D:5      | Killed a howler monkey
    18 | D:5      | Reached skill level 7 in Stealth
    18 | D:5      | Reached XP level 2. HP: 19/19 MP: 2/2
    18 | D:5      | Reached XP level 3. HP: 23/23 MP: 3/3
    45 | D:5      | Noticed a scorpion
    77 | D:5      | Slain by a scorpion

Illustrated notes

Levels and vault maps discovered:
D:5:      gammafunk_steamed_eel, layout_cave_pools, serial_column_ruins,
          column_ruins_open_tiny, column_ruins_grid_1,
          column_ruins_columns_dead_end, column_ruins_open_tiny,
          column_ruins_grid_3

Skill      XL: |  1 |
---------------+----+-----
Short Blades   | 3 |  3.0
Stealth        | 7 |  7.6
Fighting       | |  3.5
Dodging        | |  2.5

Action                   || total
-------------------------++-------
Melee: Short sword       ||    17
  Use: Scroll            ||     1
 Stab: Sleeping          ||     1
Dodge: Dodged            ||     9

Table legend: (Time is in decaauts)
 A = Elapsed time spent in this place.
 B = Non-inter-level travel time spent in this place.
 C = Inter-level travel time spent in this place.
 D = Time resting spent in this place.
 E = Time spent auto-exploring this place.
 F = Levels seen in this place.
 G = Mean time per level.
                   A        B        C        D        E       F      G
               +--------+--------+--------+--------+--------+-----+--------+
         Total |     76 |     76 |      0 |      0 |      1 |   1 |   76.0 |
       Dungeon |     76 |     76 |      0 |      0 |      1 |   1 |   76.0 |
               +--------+--------+--------+--------+--------+-----+--------+

Top non-repeatable levels by time:
     D:5: 76 daAuts
